[Event "WYCC 2018 G14"]
[Site "Halkidiki"]
[Date "2018.10.21"]
[Round "3"]
[White "Ziegenfuss, Antonia"]
[Black "Wen, Yili"]
[Result "1-0"]
[ECO "E20"]
[WhiteElo "1969"]
[BlackElo "2083"]
[Annotator "NA"]
[PlyCount "117"]
[EventDate "2018.10.20"]
[EventType "swiss"]
[EventCountry "GRE"]
[SourceTitle "playchess.com"]
[Source "ChessBase"]
[SourceQuality "1"]
[TimeControl "40/5400+30:1800+30"]

1. d4 Nf6 2. c4 e6 3. Nc3 Bb4 4. f3 c5 5. d5 d6 6. e4 b5 {[%emt 0:00:06] E20: Nimzo-Indian: 4 g3 and 4 f3} 7. Bd3 O-O 8. Nge2 bxc4 9. Bxc4 exd5 10. Bxd5 Nxd5 11. Qxd5 Be6 $146 ({Predecessor:} 11... Qb6 12. Bf4 Be6 13. Qxa8 Nc6 14. Qxf8+ Kxf8 15. Bxd6+ {1-0 (75) Mamedyarov,S (2766)-So,W (2808) chess.com INT 2017}) 12. Qd3 Qb6 13. Be3 Nd7 14. a3 Bxc3+ 15. Qxc3 Rab8 16. b4 Qa6 17. Kf2 Rfc8 18. Qd2 Ne5 19. f4 Nd3+ 20. Kg3 f5 21. exf5 Bxf5 22. h3 d5 23. Bxc5 Qg6+ 24. Kh2 Be4 25. Ng3 Rxc5 26. f5 Qe8 27. Nxe4 Qe5+ 28. Ng3 Rc3 29. Rhd1 Rbc8 30. Qe2 Qf6 31. Qe6+ Qxe6 32. fxe6 Nf4 33. Nf5 Re8 34. Rd4 Nxe6 35. Rxd5 g6 36. Nh6+ Kg7 37. Ng4 Re7 38. Re5 h5 39. Ne3 Rd3 40. Nd5 Rd7 41. Rxe6 R3xd5 42. Rc1 Rg5 43. Rce1 Kh6 44. R1e5 Rd5 45. Rxd5 Rxd5 46. Ra6 Rd7 47. Kg3 Kg5 48. Ra5+ Kf6 49. Kf4 Re7 50. a4 Rb7 51. Ra6+ Kg7 52. b5 Rf7+ 53. Ke5 Kh6 54. Kd6 h4 55. a5 Kh5 56. b6 axb6 57. axb6 Rf2 58. b7 Rf6+ 59. Ke7 1-0

[Event "WYCC 2018 G14"]
[Site "Halkidiki"]
[Date "2018.10.21"]
[Round "3"]
[White "Zhu, Evelyn"]
[Black "Kurmangaliyeva, Liya"]
[Result "1/2-1/2"]
[ECO "D45"]
[WhiteElo "1926"]
[BlackElo "1733"]
[Annotator "NA"]
[PlyCount "90"]
[EventDate "2018.10.20"]
[EventType "swiss"]
[EventCountry "GRE"]
[SourceTitle "playchess.com"]
[Source "ChessBase"]
[SourceQuality "1"]
[TimeControl "40/5400+30:1800+30"]

1. d4 d5 2. c4 c6 3. Nc3 Nf6 4. e3 a6 5. Nf3 e6 6. Qc2 c5 7. cxd5 exd5 8. dxc5 Bxc5 9. a3 Nc6 10. b4 Bd6 11. Be2 O-O 12. Bb2 Be6 13. O-O Rc8 14. Rfd1 Qe7 15. e4 d4 16. Nxd4 Nxd4 17. Rxd4 Be5 18. Rdd1 Bxc3 19. Bxc3 Nxe4 20. Qxe4 Rxc3 21. Rdc1 Rxc1+ 22. Rxc1 Qg5 23. Rc5 Qd2 24. Bf1 b5 25. h4 Qd1 26. Qe2 Qa1 27. Qe5 Qb1 28. Qc3 Bc4 29. Rxc4 bxc4 30. Qxc4 a5 31. bxa5 Qb7 32. Qd4 Ra8 33. a6 Qa7 34. Qe4 Rb8 35. Bd3 g6 36. h5 Qc5 37. Qf4 Rd8 38. hxg6 hxg6 39. Qc4 Qxa3 40. Bf1 Qe7 41. Qb5 Qa7 42. Qg5 Rd1 43. Qg4 Qd7 44. Qe2 Rd2 45. Qe3 Rc2 1/2-1/2

[Event "WYCC 2018 G14"]
[Site "Halkidiki"]
[Date "2018.10.21"]
[Round "3"]
[White "Rodriguez Redondo, Adhara"]
[Black "Saraci, Rinesa"]
[Result "1/2-1/2"]
[ECO "C54"]
[WhiteElo "1911"]
[BlackElo "1138"]
[Annotator "NA"]
[PlyCount "76"]
[EventDate "2018.10.20"]
[EventType "swiss"]
[EventCountry "GRE"]
[SourceTitle "playchess.com"]
[Source "ChessBase"]
[SourceQuality "1"]
[TimeControl "40/5400+30:1800+30"]

1. e4 e5 2. Nf3 Nc6 3. Bc4 Bc5 4. c3 Nf6 5. d3 h6 6. O-O O-O 7. h3 d6 8. Bb3 Bb6 9. Re1 Qe7 10. Nbd2 Be6 11. Bc2 Rfe8 12. Nf1 Rad8 13. Ng3 d5 14. exd5 Nxd5 15. Nxe5 Nxe5 16. Rxe5 Bxf2+ 17. Kxf2 Qf6+ 18. Qf3 Qxe5 19. d4 Qf6 20. Ne4 Qxf3+ 21. Kxf3 Bf5 22. Bd2 Re7 23. Nf6+ Nxf6 24. Bxf5 Rde8 25. Bd3 Nd5 26. Rd1 c6 27. g4 Re6 28. h4 Ne3 29. Rg1 Nd5 30. Rd1 b5 31. b3 a6 32. a3 Kf8 33. Kg3 Ne3 34. Rc1 Nd5 35. Rd1 Ne3 36. Rc1 Nd5 37. Rd1 Ne3 38. Rc1 Nd5 1/2-1/2

[Event "WYCC 2018 G14"]
[Site "Halkidiki"]
[Date "2018.10.21"]
[Round "3"]
[White "Ehsani, Yassamin"]
[Black "Yedigaryan, Asya"]
[Result "1-0"]
[ECO "E70"]
[WhiteElo "1875"]
[BlackElo "1726"]
[Annotator "NA"]
[PlyCount "111"]
[EventDate "2018.10.20"]
[EventType "swiss"]
[EventCountry "GRE"]
[SourceTitle "playchess.com"]
[Source "ChessBase"]
[SourceQuality "1"]
[TimeControl "40/5400+30:1800+30"]

1. d4 Nf6 2. c4 g6 3. Nc3 Bg7 4. e4 d6 5. Nge2 O-O 6. f3 e5 7. dxe5 dxe5 8. Qxd8 Rxd8 9. Nd5 Nxd5 10. cxd5 Nd7 11. Be3 Bf8 12. Nc3 a6 13. Kf2 Bd6 14. Be2 f6 15. Rab1 b6 16. Rhc1 Nf8 17. a3 Bd7 18. Na2 Rdb8 19. Nb4 a5 20. Nc6 Rc8 21. Bb5 Kg7 22. h4 h6 23. Rh1 f5 24. Ke2 f4 25. Bf2 Be8 26. g3 g5 27. Rbg1 Ng6 28. a4 fxg3 29. Bxg3 Kf6 30. hxg5+ hxg5 31. Kd3 Bxc6 32. Bxc6 Rab8 33. Bd7 Rh8 34. Kc4 Rxh1 35. Rxh1 Rh8 36. Rxh8 Nxh8 37. Bf2 Ng6 38. Kb5 Ne7 39. Be6 Kg7 40. Kc4 Kf6 41. Kb5 Kg7 42. Be1 Kf6 43. Bd2 Bc5 44. Bxa5 Ng6 45. Bc3 Bd6 46. Bd2 Nf4 47. Bg4 Ne2 48. Be3 Nd4+ 49. Kc4 Nc2 50. Bf2 Nb4 51. Bh3 Na6 52. Kb5 Nb8 53. b4 Ke7 54. a5 bxa5 55. bxa5 Nd7 56. a6 1-0

[Event "WYCC 2018 G14"]
[Site "Halkidiki"]
[Date "2018.10.21"]
[Round "3"]
[White "Behzad Nazif, Parva"]
[Black "Villanyi, Alexia"]
[Result "1-0"]
[ECO "E73"]
[WhiteElo "1859"]
[BlackElo "1709"]
[Annotator "NA"]
[PlyCount "83"]
[EventDate "2018.10.20"]
[EventType "swiss"]
[EventCountry "GRE"]
[SourceTitle "playchess.com"]
[Source "ChessBase"]
[SourceQuality "1"]
[TimeControl "40/5400+30:1800+30"]

1. d4 Nf6 2. c4 g6 3. Nc3 Bg7 4. e4 d6 5. Be2 O-O 6. Be3 e5 7. d5 Nbd7 8. g4 Nc5 9. Bf3 Nfd7 10. h4 f6 11. h5 Qe7 12. Qd2 g5 13. Nge2 a5 14. Ng3 Nb6 15. Be2 h6 16. b3 Bd7 17. O-O Rfd8 18. Qc2 Qe8 19. a3 Bf8 20. b4 Nca4 21. Nxa4 Nxa4 22. c5 Bb5 23. Bxb5 Qxb5 24. Rfb1 Qe8 25. c6 b5 26. bxa5 Rxa5 27. Bd2 Raa8 28. Rxb5 Rdb8 29. Rab1 Rxb5 30. Rxb5 Nc5 31. Bb4 Na6 32. Qd3 Qc8 33. Nf5 Kf7 34. Rb7 Ke8 35. Qb5 Qd8 36. a4 Qc8 37. Ba5 Qd8 38. Bb6 Qc8 39. Ba7 Nc5 40. Bxc5 dxc5 41. Qc4 Rb8 42. d6 1-0

[Event "WYCC 2018 G14"]
[Site "Halkidiki"]
[Date "2018.10.21"]
[Round "3"]
[White "Moracchini, Margaux"]
[Black "Allahverdiyeva, Ayan"]
[Result "1-0"]
[ECO "B22"]
[WhiteElo "1838"]
[BlackElo "2116"]
[Annotator "NA"]
[PlyCount "39"]
[EventDate "2018.10.20"]
[EventType "swiss"]
[EventCountry "GRE"]
[SourceTitle "playchess.com"]
[Source "ChessBase"]
[SourceQuality "1"]
[TimeControl "40/5400+30:1800+30"]

1. e4 c5 2. c3 Nf6 3. e5 Nd5 4. Bc4 e6 5. Nf3 d6 6. d4 cxd4 7. cxd4 Nc6 8. O-O Be7 9. Nc3 Nxc3 10. bxc3 O-O 11. Bf4 dxe5 $11 12. Nxe5 Nxe5 13. dxe5 Qa5 14. Qf3 Rb8 15. Rfd1 b5 16. Bb3 Rb7 17. Rd3 g6 18. Bh6 Re8 19. Qc6 Rd8 20. Rad1 1-0

[Event "WYCC 2018 G14"]
[Site "Halkidiki"]
[Date "2018.10.21"]
[Round "3"]
[White "Brunner, Sophia"]
[Black "Mehmed, Elif"]
[Result "0-1"]
[ECO "A48"]
[WhiteElo "1812"]
[BlackElo "2049"]
[Annotator "NA"]
[PlyCount "84"]
[EventDate "2018.10.20"]
[EventType "swiss"]
[EventCountry "GRE"]
[SourceTitle "playchess.com"]
[Source "ChessBase"]
[SourceQuality "1"]
[TimeControl "40/5400+30:1800+30"]

1. d4 Nf6 2. Nf3 g6 3. e3 Bg7 4. Bd3 O-O 5. O-O d5 6. b3 b6 7. Bb2 Bb7 8. c4 e6 9. Nbd2 Nbd7 10. Qe2 c5 11. Rac1 Rc8 12. Rfd1 Re8 13. Rc2 cxd4 14. exd4 Qe7 15. Ne5 Rc7 16. Ndf3 Rec8 17. Nxd7 Nxd7 18. Ne5 dxc4 19. Rxc4 Nf6 20. Rxc7 Rxc7 21. Bc4 Nd5 22. Nd3 Qg5 23. g3 h5 24. h4 Qd8 25. Qd2 Qd6 26. Kh2 Bf6 27. Kg1 a6 28. Ne5 Kg7 29. Be2 Nb4 30. Bc3 Bxe5 31. Bxb4 Qd5 32. f3 Bxg3 33. Qe3 Bxh4 34. Bd2 Bf6 35. Bc1 Kg8 36. Bb2 Qg5+ 37. Qxg5 Bxg5 38. Kf2 Rc2 39. Rb1 a5 40. Kf1 Bd5 41. Ke1 h4 42. Bd3 Rh2 0-1

[Event "WYCC 2018 G14"]
[Site "Halkidiki"]
[Date "2018.10.21"]
[Round "3"]
[White "Kouta, Antonia"]
[Black "Arauco Celestino, Arianna Sofia"]
[Result "0-1"]
[ECO "B32"]
[WhiteElo "1812"]
[BlackElo "1610"]
[Annotator "NA"]
[PlyCount "104"]
[EventDate "2018.10.20"]
[EventType "swiss"]
[EventCountry "GRE"]
[SourceTitle "playchess.com"]
[Source "ChessBase"]
[SourceQuality "1"]
[TimeControl "40/5400+30:1800+30"]

1. e4 c5 2. Nf3 Nc6 3. d4 cxd4 4. Nxd4 Qb6 5. Nb3 Nf6 6. Nc3 e6 7. a3 Be7 8. Be3 Qd8 9. f4 d6 10. Be2 O-O 11. O-O a6 12. Qe1 b5 13. Bf3 Bb7 14. Qf2 Nd7 15. Rad1 Na5 16. Nd4 Nc4 17. Bc1 Rc8 18. Kh1 Nxa3 19. bxa3 Rxc3 20. Bb2 Rc4 21. Rfe1 Bh4 22. g3 Bf6 23. c3 Qa8 24. Qg2 Nc5 25. e5 Rxd4 26. Bxb7 Rxd1 27. Rxd1 Qxb7 28. exf6 Qxg2+ 29. Kxg2 Na4 30. fxg7 Rc8 31. Ba1 d5 32. Rd3 Rc4 33. Kf3 Kxg7 34. g4 Kg6 35. h4 h5 36. f5+ Kf6 37. gxh5 Rxh4 38. c4+ Kxf5 39. cxd5 Rh3+ 40. Ke2 Rxd3 41. Kxd3 exd5 42. Kd4 Nb6 43. Kc5 Nc4 44. a4 bxa4 45. Kxd5 Na3 46. Bc3 Nb5 47. Ba1 a3 48. Kc5 Kg5 49. Kb6 a2 50. Bb2 Na3 51. Kxa6 Nc2 52. h6 Kxh6 0-1

[Event "WYCC 2018 G14"]
[Site "Halkidiki"]
[Date "2018.10.21"]
[Round "3"]
[White "Obada, Ema"]
[Black "Matus, Nastassja"]
[Result "1-0"]
[ECO "B13"]
[WhiteElo "1811"]
[BlackElo "1983"]
[Annotator "NA"]
[PlyCount "43"]
[EventDate "2018.10.20"]
[EventType "swiss"]
[EventCountry "GRE"]
[SourceTitle "playchess.com"]
[Source "ChessBase"]
[SourceQuality "1"]
[TimeControl "40/5400+30:1800+30"]

1. e4 c6 2. d4 d5 3. exd5 cxd5 4. Bd3 Nc6 5. c3 Nf6 6. h3 e6 7. Nf3 Bd6 8. Bg5 h6 9. Be3 O-O 10. O-O a6 11. Nbd2 b5 12. a3 Rb8 13. Qe2 Qc7 14. Rae1 Bd7 15. Nb3 Ra8 16. Qd2 Rfb8 17. Bxh6 gxh6 18. Qxh6 Qd8 19. Ng5 Be8 20. f4 Rb7 21. Re3 Bd7 22. Bh7+ 1-0

[Event "WYCC 2018 G14"]
[Site "Halkidiki"]
[Date "2018.10.21"]
[Round "3"]
[White "Bardorz, Jana"]
[Black "Guo, Hazel"]
[Result "1-0"]
[ECO "C10"]
[WhiteElo "1810"]
[BlackElo "1262"]
[Annotator "NA"]
[PlyCount "59"]
[EventDate "2018.10.20"]
[EventType "swiss"]
[EventCountry "GRE"]
[SourceTitle "playchess.com"]
[Source "ChessBase"]
[SourceQuality "1"]
[TimeControl "40/5400+30:1800+30"]

1. e4 e6 2. d4 d5 3. Nd2 dxe4 4. Nxe4 Bd7 5. Nf3 Bc6 6. Bd3 Nd7 7. O-O Ngf6 8. Nxf6+ Qxf6 9. Be2 Bd6 10. c4 b6 11. d5 exd5 12. cxd5 Bb7 13. Bb5 Qd8 14. Re1+ Be7 15. Ne5 O-O 16. Nxd7 a6 17. Bc6 Bxc6 18. dxc6 Re8 19. Qg4 Kh8 20. Bd2 Bd6 21. Rxe8+ Qxe8 22. Bc3 f6 23. Nxf6 Qf7 24. Nh5 Bf8 25. Rd1 Re8 26. Rd7 Re7 27. Rxe7 Qxe7 28. Nxg7 Bxg7 29. Qc8+ Qf8 30. Qxf8# 1-0

[Event "WYCC 2018 G14"]
[Site "Halkidiki"]
[Date "2018.10.21"]
[Round "3"]
[White "Zeng, Sheena"]
[Black "Van Wyk, Keisha C"]
[Result "1-0"]
[ECO "E99"]
[WhiteElo "1807"]
[BlackElo "1106"]
[Annotator "NA"]
[PlyCount "65"]
[EventDate "2018.10.20"]
[EventType "swiss"]
[EventCountry "GRE"]
[SourceTitle "playchess.com"]
[Source "ChessBase"]
[SourceQuality "1"]
[TimeControl "40/5400+30:1800+30"]

1. d4 Nf6 2. c4 g6 3. Nc3 Bg7 4. e4 d6 5. Nf3 O-O 6. Be2 Nc6 7. O-O e5 8. d5 Ne7 9. Ne1 Nd7 10. f3 f5 11. g4 f4 12. h4 Nf6 13. Nd3 c6 14. Bd2 Bd7 15. Nf2 Kf7 16. Kg2 Qc8 17. b4 c5 18. a3 Rb8 19. Nb5 Bxb5 20. cxb5 b6 21. Rc1 h6 22. Qb3 Rh8 23. Nd3 a6 24. bxa6 Qxa6 25. Nxe5+ dxe5 26. Bxa6 Rhd8 27. d6+ Ke8 28. Bb5+ Kf8 29. dxe7+ Kxe7 30. Rfd1 Rdc8 31. Bc3 Ne8 32. Rd7+ Kf6 33. Qf7# 1-0

[Event "WYCC 2018 G14"]
[Site "Halkidiki"]
[Date "2018.10.21"]
[Round "3"]
[White "Zeliantsova, Kseniya"]
[Black "Ivanovic, Tara"]
[Result "1-0"]
[ECO "C41"]
[WhiteElo "1804"]
[BlackElo "1085"]
[Annotator "NA"]
[PlyCount "75"]
[EventDate "2018.10.20"]
[EventType "swiss"]
[EventCountry "GRE"]
[SourceTitle "playchess.com"]
[Source "ChessBase"]
[SourceQuality "1"]
[TimeControl "40/5400+30:1800+30"]

1. e4 e5 2. Nf3 Nf6 3. d4 d6 4. Nc3 exd4 5. Nxd4 Be7 6. Bc4 O-O 7. O-O a6 8. a4 Bd7 9. h3 Nc6 10. Be3 Ne5 11. Be2 Be6 12. b3 d5 13. f4 Nc6 14. e5 Ne8 15. f5 Bc8 16. Nxc6 bxc6 17. Qd4 Bg5 18. Bxg5 Qxg5 19. Bd3 g6 20. h4 Qh5 21. f6 Qg4 22. Rf4 Qe6 23. h5 g5 24. Bf5 Qxf5 25. Rxf5 Bxf5 26. Qf2 Bg4 27. Qg3 Bxh5 28. Qxg5+ Bg6 29. Ne2 Kh8 30. Nd4 Be4 31. g3 c5 32. Nc6 d4 33. Ne7 Bxc2 34. Kf2 Rd8 35. Ke2 d3+ 36. Kd2 Bxb3 37. Qh6 c4 38. Qxf8# 1-0

[Event "WYCC 2018 G14"]
[Site "Halkidiki"]
[Date "2018.10.21"]
[Round "3"]
[White "Anghel, Maria"]
[Black "Sim, Jia Ru"]
[Result "0-1"]
[ECO "D02"]
[WhiteElo "1801"]
[BlackElo "1979"]
[Annotator "NA"]
[PlyCount "104"]
[EventDate "2018.10.20"]
[EventType "swiss"]
[EventCountry "GRE"]
[SourceTitle "playchess.com"]
[Source "ChessBase"]
[SourceQuality "1"]
[TimeControl "40/5400+30:1800+30"]

1. d4 d5 2. Nf3 c5 3. dxc5 e6 4. e3 Bxc5 5. a3 a5 6. Nbd2 Nf6 7. c4 O-O 8. cxd5 exd5 9. Nb3 b6 10. Be2 Bf5 11. O-O Nbd7 12. Nbd4 Be4 13. b3 Bxf3 14. Bxf3 Ne5 15. Bb2 Qd7 16. Qe2 Rac8 17. Rfd1 Rfd8 18. Rac1 Qe8 19. g3 Qf8 20. Ra1 Nxf3+ 21. Qxf3 Ne4 22. Nf5 f6 23. Qg4 Kh8 24. Rd3 Qf7 25. Rad1 Bf8 26. Nd4 Re8 27. h4 h5 28. Qe2 Red8 29. Nb5 Nc5 30. Rc3 Qg6 31. Rdc1 Rb8 32. Nd4 Re8 33. b4 Ne4 34. Rb3 a4 35. Rd3 Rbc8 36. Rcd1 Bd6 37. Qf3 Be5 38. Ba1 Bxd4 39. Rxd4 Rc2 40. Rxd5 Rxf2 41. Qxh5+ Qxh5 42. Rxh5+ Kg8 43. Rhd5 Kh7 44. Rd8 Re6 45. b5 Ra2 46. R8d3 Nxg3 47. Bd4 Nf5 48. Rc1 Re4 49. Bxb6 Rg4+ 50. Kf1 Ng3+ 51. Ke1 Ne4 52. Kf1 Rf2+ 0-1

[Event "WYCC 2018 G14"]
[Site "Halkidiki"]
[Date "2018.10.21"]
[Round "3"]
[White "Zhou, Iris"]
[Black "Kuhar, Larisa"]
[Result "1/2-1/2"]
[ECO "B92"]
[WhiteElo "1779"]
[BlackElo "1916"]
[Annotator "NA"]
[PlyCount "119"]
[EventDate "2018.10.20"]
[EventType "swiss"]
[EventCountry "GRE"]
[SourceTitle "playchess.com"]
[Source "ChessBase"]
[SourceQuality "1"]
[TimeControl "40/5400+30:1800+30"]

1. e4 c5 2. Nf3 d6 3. d4 cxd4 4. Nxd4 Nf6 5. Nc3 a6 6. Be2 e5 7. Nb3 Be6 8. O-O Be7 9. Be3 O-O 10. Nd5 Bxd5 11. exd5 Nbd7 12. c4 Rc8 13. Rc1 {[%emt 0:03:22] B92: Sicilian Najdorf: 6 Be2} Re8 14. f4 exf4 15. Bxf4 $146 ({Predecessor:} 15. Rxf4 Bf8 16. Bd4 g6 17. Rf1 Bh6 18. Rc3 Ne4 19. Rh3 Bg7 20. Bxg7 Kxg7 {1-0 (56) Ziaziulkina,N (2386)-Revo,T (2086) Minsk 2017}) 15... Bf8 16. Nd4 Qb6 17. Kh1 g6 18. b3 Bg7 19. Nc2 Ne4 20. Be3 Qd8 21. Bd3 Nec5 22. Bd4 Nxd3 23. Qxd3 Ne5 24. Qd2 Qh4 25. Rce1 Qd8 26. Qf2 Qd7 27. Qg3 Qc7 28. Re2 Nd7 29. Rxe8+ Rxe8 30. Bxg7 Kxg7 31. Qf4 Ne5 32. Nd4 Qd8 33. Ne2 Qe7 34. Ng3 Nd3 35. Qd4+ Ne5 36. Ne4 f5 37. Ng3 Kg8 38. Re1 Qf6 39. Qb6 Re7 40. Qd8+ Kf7 41. a3 Nd3 42. Rxe7+ Qxe7 43. Qxe7+ Kxe7 44. Kg1 Nc5 45. b4 Na4 46. Nf1 Nb6 47. Nd2 Na4 48. Kf2 Kf6 49. Ke3 b5 50. Kd4 Nb6 51. c5 Nc8 52. Nb3 g5 53. h3 h5 54. cxd6 (54. Nd2 $16) 54... Nxd6 55. Nc5 Nc4 (55... h4 $14) 56. Nxa6 Nxa3 57. Nc7 g4 58. hxg4 fxg4 59. Ke4 Nc2 $11 60. Nxb5 1/2-1/2

[Event "WYCC 2018 G14"]
[Site "Halkidiki"]
[Date "2018.10.21"]
[Round "3"]
[White "Maciulaityte, Barbora"]
[Black "Lehaci, Miruna-Daria"]
[Result "0-1"]
[ECO "C18"]
[WhiteElo "1715"]
[BlackElo "1933"]
[Annotator "NA"]
[PlyCount "76"]
[EventDate "2018.10.20"]
[EventType "swiss"]
[EventCountry "GRE"]
[SourceTitle "playchess.com"]
[Source "ChessBase"]
[SourceQuality "1"]
[TimeControl "40/5400+30:1800+30"]

1. e4 e6 2. d4 d5 3. Nc3 Bb4 4. e5 c5 5. a3 Bxc3+ 6. bxc3 Qa5 7. Nf3 Ne7 8. Bd3 h6 9. Bd2 Qa4 10. h4 b6 11. h5 Ba6 12. Bxa6 Nxa6 13. Be3 c4 14. Nh4 O-O-O 15. g4 g5 16. Nf3 Nc7 17. Qb1 Nc6 18. Kf1 b5 19. Kg2 Na8 20. Qb2 Nb6 21. Bd2 Qa5 22. Qc1 Na4 23. Qe1 a6 24. Qe3 Qc7 25. Rhe1 Rhf8 26. Re2 Kb7 27. Ree1 Rde8 28. Re2 Nb6 29. Ree1 Nb8 30. Re2 N8d7 31. Ree1 f6 32. exf6 Rxf6 33. Ne5 Ref8 34. Ng6 Rxf2+ 35. Qxf2 Rxf2+ 36. Kxf2 Qh2+ 37. Ke3 Qg3+ 38. Ke2 Qxg4+ 0-1

[Event "WYCC 2018 G14"]
[Site "Halkidiki"]
[Date "2018.10.21"]
[Round "3"]
[White "Ruzic, Pia Marie"]
[Black "Baiburina, Kamilla"]
[Result "0-1"]
[ECO "A22"]
[WhiteElo "1691"]
[BlackElo "1907"]
[Annotator "NA"]
[PlyCount "108"]
[EventDate "2018.10.20"]
[EventType "swiss"]
[EventCountry "GRE"]
[SourceTitle "playchess.com"]
[Source "ChessBase"]
[SourceQuality "1"]
[TimeControl "40/5400+30:1800+30"]

1. c4 e5 2. Nc3 Nf6 3. Nf3 d6 4. g3 c6 5. Bg2 Be7 6. O-O O-O 7. d3 Nbd7 8. b4 Re8 9. Rb1 Bf8 10. a4 a5 11. b5 d5 12. Nd2 Nc5 13. Qc2 Be6 14. Bb2 Rc8 15. Ba1 h6 16. Rfc1 Nh7 17. Qd1 f5 18. bxc6 bxc6 19. cxd5 cxd5 20. Nf3 Nd7 21. Nb5 d4 22. Bb2 Nc5 23. Ba3 Ba2 24. Bxc5 Bxc5 25. Ra1 Bf7 26. Nd2 Qe7 27. Nc4 Bb4 28. Nb6 Rc5 29. Rxc5 Qxc5 30. Nd5 Bxd5 31. Rc1 Bc3 32. Bxd5+ Qxd5 33. Nc7 Qd7 34. Nxe8 Qxe8 35. Qb3+ Kh8 36. Rb1 Nf6 37. Qc4 Bb4 38. Rc1 Kh7 39. Qc7 Nd5 40. Qb7 Nc3 41. Qf3 Qd7 42. Rc2 e4 43. dxe4 fxe4 44. Qf4 d3 45. Rxc3 d2 46. Qxe4+ g6 47. Rd3 d1=Q+ 48. Rxd1 Qxd1+ 49. Kg2 Qxa4 50. h4 h5 51. g4 Qb5 52. g5 a4 53. Kf1 a3 54. Qf4 Bc3 0-1

[Event "WYCC 2018 G14"]
[Site "Halkidiki"]
[Date "2018.10.21"]
[Round "3"]
[White "He, Emma"]
[Black "Tamrazyan, Gohar"]
[Result "1-0"]
[ECO "C06"]
[WhiteElo "1674"]
[BlackElo "1824"]
[Annotator "NA"]
[PlyCount "113"]
[EventDate "2018.10.20"]
[EventType "swiss"]
[EventCountry "GRE"]
[SourceTitle "playchess.com"]
[Source "ChessBase"]
[SourceQuality "1"]
[TimeControl "40/5400+30:1800+30"]

1. e4 e6 2. d4 d5 3. Nd2 Nf6 4. e5 Nfd7 5. Bd3 c5 6. c3 Nc6 7. Ne2 cxd4 8. cxd4 f6 9. exf6 Nxf6 10. O-O Bd6 11. Nf3 O-O 12. Re1 Qc7 13. h3 Bd7 14. Nc3 a6 15. Be3 e5 16. dxe5 Nxe5 17. Be2 Bc6 18. Rc1 Qf7 19. Nd4 Bd7 20. Kh1 b5 21. Rf1 Qg6 22. Nf3 Be6 23. Ng5 Qe8 24. Nge4 Nxe4 25. Nxe4 Be7 26. Nc5 Bxc5 27. Bxc5 Rf7 28. b3 Qd7 29. Qd4 Ng6 30. Bg4 Bxg4 31. Qxg4 Qxg4 32. hxg4 Nf4 33. Be3 Ne6 34. Rc6 Rf6 35. Rd1 Rd8 36. f3 a5 37. Kg1 d4 38. Bc1 d3 39. Kf2 Nd4 40. Rxf6 gxf6 41. Rxd3 Ne6 42. Rxd8+ Nxd8 43. Ke3 Nc6 44. a4 bxa4 45. bxa4 Ne5 46. Kd4 Kf7 47. Bd2 Kg6 48. Kc5 h5 49. gxh5+ Kxh5 50. Kb5 Nd3 51. Kxa5 Nc5 52. Kb5 Nxa4 53. Kxa4 Kh4 54. Bf4 Kh5 55. Kb4 Kg6 56. Kc4 f5 57. Kd4 1-0

[Event "WYCC 2018 G14"]
[Site "Halkidiki"]
[Date "2018.10.21"]
[Round "3"]
[White "Kong, Sydney"]
[Black "Jaufarally, Nadia"]
[Result "0-1"]
[ECO "B35"]
[WhiteElo "1659"]
[BlackElo "1810"]
[Annotator "NA"]
[PlyCount "88"]
[EventDate "2018.10.20"]
[EventType "swiss"]
[EventCountry "GRE"]
[SourceTitle "playchess.com"]
[Source "ChessBase"]
[SourceQuality "1"]
[TimeControl "40/5400+30:1800+30"]

1. e4 c5 2. Nf3 g6 3. d4 cxd4 4. Nxd4 Nc6 5. Nc3 Bg7 6. Be3 Nf6 7. Bc4 O-O 8. Bb3 Re8 9. f3 e6 10. Qd2 d5 11. exd5 Nxd5 12. Nxd5 Nxd4 13. Nc3 Nxb3 14. axb3 a6 15. O-O-O Qc7 16. Ne4 b5 17. Bh6 Bb7 18. Bxg7 Kxg7 19. h4 Red8 20. Qg5 Bxe4 21. fxe4 Rac8 22. c3 h6 23. Qe3 a5 24. Rhf1 b4 25. Rxd8 Rxd8 26. Kb1 Qd7 27. Qf4 bxc3 28. Qf6+ Kg8 29. bxc3 Rb8 30. Kc2 Qb7 31. Kc1 Qc7 32. Kc2 Qb7 33. Kd2 Qd7+ 34. Kc1 Rxb3 35. Kc2 Rb7 36. Ra1 Qc7 37. h5 Qg3 38. hxg6 Qxg2+ 39. Kd3 Rd7+ 40. Ke3 Qd2+ 41. Kf3 Rd3+ 42. Kg4 Qg2+ 43. Kf4 Rf3+ 44. Ke5 Rxf6 0-1

[Event "WYCC 2018 G14"]
[Site "Halkidiki"]
[Date "2018.10.21"]
[Round "3"]
[White "Figueroa Bernal, Julia Dennis"]
[Black "Dylag, Emilia"]
[Result "0-1"]
[ECO "B12"]
[WhiteElo "1650"]
[BlackElo "2059"]
[Annotator "NA"]
[PlyCount "68"]
[EventDate "2018.10.20"]
[EventType "swiss"]
[EventCountry "GRE"]
[SourceTitle "playchess.com"]
[Source "ChessBase"]
[SourceQuality "1"]
[TimeControl "40/5400+30:1800+30"]

1. e4 c6 2. d4 d5 3. e5 c5 4. dxc5 Nc6 5. Nf3 Bg4 6. c3 e6 7. b4 Nge7 8. Bf4 Ng6 9. Bg3 Bxf3 10. Qxf3 Qg5 11. Nd2 Ngxe5 12. Qe2 Ng6 13. Qb5 Qe7 14. h4 e5 15. Qa4 Qd7 16. Nf3 f6 17. Rd1 Nge7 18. c4 d4 19. Be2 Nf5 20. Nd2 Nxg3 21. fxg3 e4 22. Nxe4 Qe6 23. Nf2 Kf7 24. Kf1 Re8 25. Re1 g6 26. Nd3 Qf5+ 27. Kg1 Rxe2 28. Rxe2 Qxd3 29. Re1 Bh6 30. Qb5 Be3+ 31. Kh2 Rb8 32. Rhf1 Qd2 33. Qa4 Qxb4 34. Qc2 Qxc5 0-1

[Event "WYCC 2018 G14"]
[Site "Halkidiki"]
[Date "2018.10.21"]
[Round "3"]
[White "Gregurkova, Nikola"]
[Black "Somton, Anita"]
[Result "1/2-1/2"]
[ECO "B18"]
[WhiteElo "1627"]
[BlackElo "1787"]
[Annotator "NA"]
[PlyCount "28"]
[EventDate "2018.10.20"]
[EventType "swiss"]
[EventCountry "GRE"]
[SourceTitle "playchess.com"]
[Source "ChessBase"]
[SourceQuality "1"]
[TimeControl "40/5400+30:1800+30"]

1. e4 c6 2. d4 d5 3. Nc3 dxe4 4. Nxe4 Bf5 5. Ng3 Bg6 6. Nh3 h6 7. Nf4 Bh7 8. c3 Nf6 9. Bc4 b5 10. Bb3 e6 11. O-O Nd5 12. Re1 Qd7 13. Qf3 Nxf4 14. Bxf4 Be7 1/2-1/2

[Event "WYCC 2018 G14"]
[Site "Halkidiki"]
[Date "2018.10.21"]
[Round "3"]
[White "Burdot, Clara"]
[Black "Gabbani, Sara"]
[Result "0-1"]
[ECO "C18"]
[WhiteElo "1472"]
[BlackElo "1764"]
[Annotator "NA"]
[PlyCount "82"]
[EventDate "2018.10.20"]
[EventType "swiss"]
[EventCountry "GRE"]
[SourceTitle "playchess.com"]
[Source "ChessBase"]
[SourceQuality "1"]
[TimeControl "40/5400+30:1800+30"]

1. e4 e6 2. d4 d5 3. Nc3 Bb4 4. e5 c5 5. a3 Bxc3+ 6. bxc3 Ne7 7. Bg5 Qc7 8. Nf3 cxd4 9. cxd4 h6 10. Bxe7 Qxe7 11. Bd3 Nc6 12. O-O O-O 13. c3 Bd7 14. Bc2 f5 15. exf6 Rxf6 16. Qd3 g5 17. h4 g4 18. Ne5 Nxe5 19. dxe5 Rff8 20. Qg6+ Qg7 21. Rac1 Rac8 22. Qxg7+ Kxg7 23. Bd3 Be8 24. c4 Bc6 25. f4 gxf3 26. gxf3 dxc4 27. Rxc4 Bd5 28. Rg4+ Kf7 29. f4 Rg8 30. Rxg8 Rxg8+ 31. Kh2 Rg2+ 32. Kh3 Rd2 33. Bb5 Bg2+ 34. Kg3 Bxf1 35. Bxf1 Ra2 36. Kg4 Rxa3 37. Kh5 Rf3 38. Be2 Rxf4 39. Kxh6 Rxh4+ 40. Bh5+ Rxh5+ 41. Kxh5 a5 0-1